 Dungeon Crawl Stone Soup version 0.19-a0-981-gaae9137 (webtiles) character file.

349831 Ijustatesigmund the Warrior (level 21, -9/202 HPs)
             Began as a Demonspawn Fighter on July 13, 2016.
             Was the Champion of Okawaru.
             Mangled by a deep troll (illusionary) (19 damage)
             ... while paralysed by a great orb of eyes
             ... on level 2 of the Depths on July 14, 2016.
             The game lasted 02:46:32 (38206 turns).

Ijustatesigmund the Warrior (Demonspawn Fighter)   Turns: 38206, Time: 02:46:32

Health: -9/202     AC: 30    Str: 18    XL:     21   Next: 57%
Magic:  32/32      EV:  2    Int: 14    God:    Okawaru [******]
Gold:   423        SH:  0    Dex: 21    Spells: 2 memorised, 18 levels left

rFire  + + +     SeeInvis +     X - +9 scimitar "Wonibae" {drain, rN+ Stlth+}
rCold  + + .     Gourm    .     A - +4 fire dragon armour
rNeg   + . .     Faith    .     c - +2 large shield {AC+3}
rPois  +         Spirit   .     (helmet unavailable)
rElec  .         Dismiss  .     j - +0 cloak of Somewhere Else {Str+4 Stlth+}
rCorr  +         Reflect  .     B - +1 pair of gloves
SustAt .         Harm     .     o - +2 pair of boots
MR     +....                    h - amulet of regeneration
Stlth  +++++++...               D - ring of Birdsong {rPois Str-5 Int+3 SInv Stlth+}
                                b - ring "Biqauk" {rCorr rC+++ Int+2 Stlth+}

@: paralysed, somewhat resistant to hostile enchantments, extremely stealthy
A: horns 3, large bone plates 3, fire resistance 1, ignite blood, robust 1,
spiny 3, flame cloud immunity
a: Heroism, Finesse, Renounce Religion
}: 1/15 runes: gossamer


You were on level 2 of the Depths.
You worshipped Okawaru.
Okawaru was exalted by your worship.
You were not hungry.

You visited 6 branches of the dungeon, and saw 34 of its levels.
You visited the Abyss 2 times.

You collected 4148 gold pieces.
You spent 3725 gold pieces at shops.

Inventory:

Hand Weapons
 J - a +7 scimitar of flaming
 R - a +2 vampiric long sword
 T - a +5 demon blade of venom
 X - the +9 scimitar "Wonibae" (weapon) {drain, rN+ Stlth+}
   (Okawaru gifted it to you on level 3 of the Vaults)

   A truly terrible weapon, it drains the life of those it strikes.
   It protects you from negative energy.
   It makes you more stealthy.
Armour
 c - a +2 large shield of protection (worn)
 j - the +0 cloak of Somewhere Else (worn) {Str+4 Stlth+}
   (You acquired it on level 1 of the Orcish Mines)

   It affects your strength (+4).
   It makes you more stealthy.
 o - a +2 pair of boots (worn)
 A - a +4 fire dragon armour (worn)
 B - a +1 pair of gloves (worn)
Jewellery
 b - the ring "Biqauk" (left hand) {rCorr rC+++ Int+2 Stlth+}
   (You bought it in a shop on level 1 of the Depths)

   [ring of resist corrosion]

   It affects your intelligence (+2).
   It renders you almost immune to cold.
   It makes you more stealthy.
 g - an uncursed ring of protection from cold
 h - an amulet of regeneration (around neck)
 q - an uncursed ring of positive energy
 t - an uncursed ring of poison resistance
 v - an uncursed ring of protection from fire {unknown}
 z - an uncursed ring of protection from magic {unknown}
 D - the ring of Birdsong (right hand) {rPois Str-5 Int+3 SInv Stlth+}
   (You bought it in a shop on level 12 of the Dungeon)

   [ring of intelligence]

   It affects your strength (-5).
   It affects your intelligence (+3).
   It protects you from poison.
   It lets you see invisible.
   It makes you more stealthy.
 M - a +5 ring of evasion
Wands
 l - a wand of lightning (2/15)
 p - a wand of heal wounds (3/9)
 r - a wand of hasting (7/9)
 u - a wand of teleportation (3/9)
 w - a wand of disintegration (1/24)
 y - a wand of acid (13/15)
 E - a wand of digging (11/24)
 G - a wand of digging (16/24)
 I - a wand of iceblast (4/15)
 K - a wand of enslavement (0/24)
 P - a wand of polymorph (16/24)
Scrolls
 e - 17 scrolls of remove curse
 x - a scroll of magic mapping
 F - a scroll of fog
 L - a scroll of silence
Potions
 d - a potion of might
 i - 2 potions of ambrosia
 k - 6 potions of flight
 n - 11 potions of curing
 s - a potion of brilliance
 C - 2 potions of magic
Comestibles
 f - 13 bread rations
 m - 13 meat rations


   Skills:
 - Level 20.4 Fighting
 - Level 18.8 Long Blades
 - Level 12.0 Armour
 + Level 10.9 Dodging
 - Level 10.1 Stealth
 - Level 14.6 Shields
 - Level 15.5 Invocations
 - Level 3.6 Evocations


You had 18 spell levels left.
You knew the following spells:

 Your Spells              Type           Power        Failure   Level  Hunger
a - Summon Butterflies    Summ           #.......     100%        1    ##.....
b - Apportation           Tloc           #.........   100%        1    ##.....


Dungeon Overview and Level Annotations

Branches:
Dungeon (15/15)            Temple (0/1) D:5            Lair (6/6) D:10
 Shoals (0/4) Lair:3       Spider (4/4) Lair:3        Slime (0/5) Lair:6
    Orc (2/2) D:12            Elf (0/3) Orc:2        Vaults (5/5) D:13
  Crypt (0/3) Vaults:2     Depths (2/5) D:15

Altars:
Ashenzari
Cheibriados
Dithmenos
Elyvilon
Fedhas
Hepliaklqana
Kikubaaqudgha
Makhleb
Okawaru
Pakellas
Qazlal
Ru
Xom
Yredelemnul
Beogh

Shops:
D:10 (   D:11 %   D:12 =   Orc:2 :?(=   Vaults:2 [   Vaults:3 *
Depths:1 }==?*   Depths:2 [

Portals:
Hell: Lair:6 Depths:1
Abyss: Depths:1
Trove: Vaults:2 (give +2 storm dragon armour)

Annotations:
Vaults:5 Xtahua


Innate Abilities, Weirdness & Mutations

You have a pair of large horns on your head.
You are completely covered in large bone plates. (AC +4, SH +4)
Your flesh is heat resistant. (rF+)
Your demonic aura causes spilled blood to erupt in flames.
You are robust. (+10% HP)
You are completely covered in sharp spines.
You are immune to clouds of flame.


Message History

Okawaru accepts your kill.
The great orb of eyes is engulfed in roaring flames.
The great orb of eyes is struck by your spines.
The great orb of eyes bites you but does no damage.
The deep troll earth mage is engulfed in roaring flames.
The deep troll earth mage bites you but does no damage.
The deep troll earth mage barely misses you.
The deep troll earth mage claws you.
* * * LOW HITPOINT WARNING * * *
The iron troll is struck by your spines.
The iron troll bites you but does no damage.
The iron troll claws you but does no damage. x2
The deep troll is engulfed in roaring flames.
You kill the deep troll!
Okawaru accepts your kill. Something appears at your feet!
Okawaru grants you a gift!
The deep troll is engulfed in roaring flames.
The deep troll bites you!!
You die...

#.......# #...#.#..
##.......###...#.#.
........#.#...... .
####......#.##..#.#..
..#..##..#.##..#.#.. .
#.......#.#........
...###...##........#.#..
.....RTTT..........#....
##.§T@§##..#.#...#....
.....§G§§...............
......$..##..#.#...#.#..
.....##..##.............
..... ....#.............
.... .......##.#........
... ##.#.∩.##.#........
... #.........#.......
.............


You could see an iron troll, a great orb of eyes, a rakshasa, a deep troll, a
deep troll earth mage and a deep troll shaman.

Vanquished Creatures
  An ancient lich (Vaults:4)
  Boris (Vaults:2)
  Bai Suzhen (Vaults:3)
  Frederick (Vaults:2)
  Nikola (Spider:3)
  A golden dragon (Vaults:5)
  A lich (Vaults:4)
  Arachne (Spider:4)
  Rupert (D:13)
  Jorgrun (Vaults:1)
  2 tentacled monstrosities
  Asterion (Vaults:2)
  2 quicksilver dragons
  4 titans (Vaults:5)
  The ghost of Shenda the Fencer, an adept MiFi of Okawaru (Spider:4)
  A tentacled starspawn (Abyss:3)
  4 sphinxes
  5 storm dragons
  Kirke (D:12)
  A shadow dragon (Vaults:5)
  5 tengu reavers
  A shadow dragon (shapeshifter) (Vaults:4)
  5 fire giants
  2 frost giants
  16 vault wardens
  3 ghost moths
  A deep elf sorcerer (Vaults:5)
  Louise (Spider:3)
  A deep elf elementalist (Vaults:5)
  2 emperor scorpions (Spider:4)
  2 ghouls
  10 ironheart preservers
  5 very ugly things
  13 stone giants
  4 war gargoyles
  7 entropy weavers
  The ghost of tstbtto the Fencer, a journeyman MiFi of Okawaru (Lair:6)
  A vampire knight (Depths:1)
  2 deep elf demonologists
  2 dire elephants (Lair:6)
  Snorg (D:12)
  Azrael (Spider:3)
  2 spark wasps (Spider:4)
  A deep elf high priest (Vaults:5)
  4 ettins
  A deep elf death mage (Vaults:4)
  A crystal guardian (Vaults:2)
  A great orb of eyes (shapeshifter) (Abyss:3)
  Josephine (D:13)
  4 great orbs of eyes
  6 hydras
  11 ogre magi
  6 fire dragons
  6 ice dragons
  10 yaktaur captains
  30 vault guards
  5 rakshasas
  10 centaur warriors
  A catoblepas (D:13)
  2 death knights
  Erica (D:10)
  4 death yaks (Lair:4)
  A dancing weapon (Vaults:5)
  An anaconda (shapeshifter) (Vaults:3)
  4 deep troll earth magi
  2 deep troll shamans (Depths:1)
  The ghost of Ijustatesigmund the Skirmisher, a novice DsFi of Okawaru (D:8)
  A tengu warrior (D:14)
  2 hell hogs (Depths:1)
  Sonja (D:12)
  A sun demon (Lair:6)
  Nergalle (Lair:4)
  Urug (Lair:4)
  2 shadow wraiths
  5 deep elf knights
  6 skeletal warriors (Vaults:1)
  3 wretched stars (Abyss:3)
  22 slime creatures
  5 giant orange brains
  2 iron trolls
  3 wizards
  15 deep trolls
  A deep elf archer (Vaults:1)
  5 unseen horrors
  17 ironbrand convokers
  2 flayed ghosts (Vaults:5)
  10 hill giants
  9 phantasmal warriors
  9 orc knights
  An orb spider (shapeshifter) (Vaults:4)
  An oklob plant (Lair:5)
  6 griffons
  6 hornets
  A necromancer (Spider:1)
  11 orc sorcerers (Orc:2)
  16 orb spiders
  34 ugly things
  31 wolf spiders
  9 deep elf magi
  15 wolf spider zombies
  4 manticores
  A sixfirhy (Lair:6)
  A siren (Lair:3)
  Maurice (D:9)
  5 cyclopes
  A worldbinder (Abyss:3)
  17 vault sentinels
  A black mamba (Lair:6)
  An ice statue (Spider:3)
  3 gargoyles
  3 orange demons (Lair:6)
  11 spiny frogs
  Psyche (D:9)
  2 torpor snails
  7 komodo dragons
  4 smoke demons (Abyss:3)
  An efreet (D:14)
  2 rime drakes
  38 yaktaurs
  5 tengu conjurers
  8 redback zombies (Spider:1)
  The ghost of Liquid the Insei, a novice DsCK of Xom (D:5)
  2 ancient zymes (Abyss:3)
  12 demonic crawlers
  13 freezing wraiths
  3 ice devils (Lair:6)
  3 red devils (Lair:6)
  3 hellwings
  37 jumping spiders
  6 trolls
  A troll (shapeshifter) (Vaults:5)
  A polar bear (Lair:6)
  A jumping spider (shapeshifter) (Vaults:2)
  A meliai (shapeshifter) (Vaults:1)
  3 meliai (D:13)
  16 two-headed ogres
  8 raiju
  The ghost of Liquid the Insei, an amateur DsCK of Xom (D:6)
  5 boulder beetles
  22 blink frogs
  2 stone giant simulacra
  2 large abominations (Abyss:3)
  4 tarantella zombies (Spider:1)
  A spriggan (D:13)
  32 tarantellas
  53 redbacks
  16 humans
  5 starcursed masses (Abyss:3)
  A fire elemental (Spider:3)
  A wyvern (shapeshifter) (Vaults:5)
  2 basilisks
  7 wraiths
  4 hogs (D:12)
  4 wyverns
  27 yaks
  The ghost of Ijustatesigmund the Skirmisher, an amateur DsFi (D:7)
  8 hippogriffs
  6 hungry ghosts
  Menkaure (D:5)
  4 mottled dragons
  6 wargs
  4 vampire mosquitoes (D:15)
  A soldier ant (D:12)
  10 water moccasins
  6 porcupines
  9 hell hounds
  2 ice beasts
  3 black bears
  30 orc warriors
  3 wasps
  An eye of draining (D:14)
  3 phantoms
  A sky beast (D:11)
  46 ogres
  4 wolves (Lair:3)
  A tengu (shapeshifter) (Vaults:3)
  13 boggarts
  An ogre (shapeshifter) (Vaults:2)
  10 centaurs
  10 crocodiles
  A big kobold (D:8)
  Blork the orc (D:5)
  19 giant frogs
  An elf simulacrum (Vaults:1)
  4 scorpions
  A human simulacrum (Vaults:1)
  6 killer bees (D:9)
  3 troll zombies (D:12)
  7 wights
  7 jellies
  2 howler monkeys
  2 centaur zombies
  10 crimson imps
  A giant frog zombie (D:11)
  3 giant frog skeletons
  7 orc priests
  10 hounds
  4 centaur skeletons
  6 iguanas
  39 orc wizards
  5 hell rats (Lair:5)
  13 worker ants
  3 small abominations (Abyss:3)
  6 sheep (Lair:6)
  5 ogre zombies (D:12)
  A hound zombie (D:10)
  A worker ant zombie (D:11)
  8 gnolls
  15 adders
  A howler monkey skeleton (D:9)
  36 river rats
  5 shadow imps
  An ufetubus (Abyss:3)
  An ooze (D:2)
  An adder skeleton (D:7)
  An adder zombie (D:8)
  5 worms
  6 giant geckos
  98 orcs
  5 bats
  5 giant cockroaches
  6 hobgoblins
  4 jackals
  A jackal (shapeshifter) (Vaults:5)
  9 kobolds
  2 quokkas (D:4)
  A ball python (D:3)
  14 giant newts
  12 goblins
  A goblin skeleton (D:12)
  4 goblin zombies (D:12)
  A hobgoblin skeleton (D:12)
  A hobgoblin zombie (D:12)
  4 orc skeletons (D:12)
  14 orc zombies (D:12)
  8 rats
  2 crawling corpses (Vaults:5)
1529 creatures vanquished.

Vanquished Creatures (collateral kills)
  A blink frog (Lair:6)
  An eye of draining (D:13)
2 creatures vanquished.

Vanquished Creatures (others)
  A yaktaur captain (Vaults:2)
  A fire dragon (D:15)
  A yaktaur (Vaults:2)
  A troll (Vaults:2)
  A human (D:12)
  A warg (Vaults:2)
  2 hell hounds (Spider:3)
  A wasp (Spider:1)
  2 ogres (Vaults:5)
  2 orc priests (D:14)
  2 orc wizards
  3 orcs
  5 fungi
  A plant (Spider:1)
  2 starspawn tentacles (Abyss:3)
  4 starspawn tentacle segments (Abyss:3)
30 creatures vanquished.

Grand Total: 1561 creatures vanquished

Notes
Turn   | Place    | Note
-------+----------+-------------------------------------------
     0 | D:1      | Ijustatesigmund the Demonspawn Fighter began the quest for the Orb.
     0 | D:1      | Reached XP level 1. HP: 18/18 MP: 1/1
   106 | D:1      | Gained mutation: You are partially covered in sharp spines. [demonic ancestry]
   106 | D:1      | Reached XP level 2. HP: 20/24 MP: 2/2
   131 | D:1      | Reached skill level 1 in Dodging
   349 | D:1      | Gained mutation: You are partially covered in large bone plates. (AC +2, SH +2) [demonic ancestry]
   349 | D:1      | Reached XP level 3. HP: 28/29 MP: 3/3
   821 | D:2      | Reached XP level 4. HP: 30/35 MP: 4/4
  1441 | D:3      | Found a shimmering altar of Xom.
  1589 | D:3      | Found a shadowy altar of Dithmenos.
  1744 | D:3      | Found an ancient bone altar of Kikubaaqudgha.
  1744 | D:3      | Found a blossoming altar of Fedhas.
  1786 | D:3      | Reached skill level 4 in Fighting
  1786 | D:3      | Reached XP level 5. HP: 18/42 MP: 5/5
  2275 | D:3      | Found an oddly glowing altar of Pakellas.
  2304 | D:3      | Found a basalt altar of Yredelemnul.
  2487 | D:3      | Found a sacrificial altar of Ru.
  2826 | D:4      | Found a stormy altar of Qazlal.
  2847 | D:4      | Gained mutation: Your flesh is heat resistant. (rF+) [demonic ancestry]
  2847 | D:4      | Reached XP level 6. HP: 49/49 MP: 6/6
  3075 | D:4      | Reached skill level 5 in Long Blades
  3147 | D:4      | Got a polished leather armour
  3158 | D:4      | Identified the +3 leather armour "Foim" {rPois rCorr Str+4} (You found it on level 4 of the Dungeon)
  3233 | D:5      | Entered Level 5 of the Dungeon
  3290 | D:5      | Reached skill level 5 in Fighting
  3360 | D:5      | Noticed Liquid's ghost (novice DsCK)
  3367 | D:5      | Found a staircase to the Ecumenical Temple.
  3376 | D:4      | Gained mutation: You are mostly covered in sharp spines. [demonic ancestry]
  3376 | D:4      | Reached XP level 7. HP: 47/56 MP: 7/7
  3421 | D:4      | Found a burning altar of Makhleb.
  3481 | D:5      | Killed Liquid's ghost
  3488 | D:5      | Noticed Menkaure
  3489 | D:5      | Found a hazy altar of Hepliaklqana.
  3493 | D:5      | Killed Menkaure
  3605 | D:5      | Reached skill level 6 in Fighting
  3737 | D:5      | Gained mutation: You have a pair of small horns on your head. [demonic ancestry]
  3737 | D:5      | Reached XP level 8. HP: 64/64 MP: 8/8
  4200 | D:5      | Noticed Blork the orc
  4205 | D:5      | Killed Blork the orc
  4242 | D:5      | Found an iron altar of Okawaru.
  4256 | D:5      | Became a worshipper of Warmaster Okawaru
  4323 | D:6      | Noticed Liquid's ghost (amateur DsCK)
  4336 | D:6      | Killed Liquid's ghost
  4774 | D:6      | Reached skill level 7 in Fighting
  4811 | D:6      | Reached * piety under Okawaru
  4827 | D:6      | Gained mutation: You are mostly covered in large bone plates. (AC +3, SH +3) [demonic ancestry]
  4827 | D:6      | Reached XP level 9. HP: 20/72 MP: 9/9
  5093 | D:6      | Reached skill level 1 in Invocations
  5866 | D:7      | Reached ** piety under Okawaru
  5866 | D:7      | Reached skill level 8 in Fighting
  5931 | D:7      | Reached skill level 10 in Fighting
  5931 | D:7      | Reached skill level 10 in Long Blades
  5931 | D:7      | Reached XP level 10. HP: 85/85 MP: 11/16
  5985 | D:7      | Noticed Ijustatesigmund's ghost (amateur DsFi)
  5999 | D:7      | Killed Ijustatesigmund's ghost
  6150 | D:8      | Noticed Ijustatesigmund's ghost (novice DsFi)
  6196 | D:8      | Killed Ijustatesigmund's ghost
  6723 | D:8      | Learned a level 1 spell: Summon Butterflies
  7306 | D:9      | Noticed Maurice
  7307 | D:9      | Noticed Psyche
  7315 | D:9      | Cast into level 2 of the Abyss (Psyche)
  7318 | Abyss:2  | Found a corrupted altar of Lugonu.
  7338 | Abyss:2  | Gained mutation: You are frail. (-10% HP) [a neqoxec]
  7340 | Abyss:2  | Gained mutation: Armour fits poorly on your strangely shaped body. [a neqoxec]
  7375 | D:9      | Escaped the Abyss
  7380 | D:9      | Killed Psyche
  7380 | D:9      | Reached *** piety under Okawaru
  7384 | D:9      | Killed Maurice
  7419 | D:9      | Found a snail-covered altar of Cheibriados.
  7444 | D:9      | Reached skill level 10 in Invocations
  7548 | D:9      | Reached XP level 11. HP: 74/82 MP: 18/18
  7873 | D:10     | Entered Level 10 of the Dungeon
  7892 | D:10     | Reached skill level 11 in Fighting
  7927 | D:10     | Found a staircase to the Lair.
  7968 | D:10     | Reached **** piety under Okawaru
  8041 | D:10     | Found Ygar's Antique Weapon Shop.
  8052 | D:10     | Noticed Erica
  8065 | D:10     | Killed Erica
  8730 | D:11     | You fall through a shaft for 2 floors!
  8730 | D:13     | Found a gate to the Vaults.
  8730 | D:13     | Noticed an orc knight
  8730 | D:13     | Noticed a centaur warrior
  8730 | D:13     | Noticed a centaur warrior
  8730 | D:13     | Noticed a purple ugly thing
  8730 | D:13     | Noticed a griffon
  8732 | D:13     | Noticed Rupert
  8756 | D:14     | Found a blossoming altar of Fedhas.
  8756 | D:14     | HP: 3/83 [efreet/fireball (15)]
  9362 | D:14     | Noticed a deep elf mage
  9362 | D:14     | Noticed a deep elf mage
  9382 | D:14     | Killed a deep elf mage
  9417 | D:14     | Noticed a hill giant
  9422 | D:14     | Killed a hill giant
  9962 | D:12     | Found Mifruem's Jewellery Boutique.
  9995 | D:12     | Found a staircase to the Orcish Mines.
  9998 | D:12     | Reached ***** piety under Okawaru
 10123 | D:12     | Reached XP level 12. HP: 75/90 MP: 19/19
 10131 | D:12     | Noticed Snorg
 10139 | D:12     | Killed Snorg
 10139 | D:12     | Reached skill level 5 in Armour
 10571 | D:12     | Noticed a six-headed hydra
 10578 | D:12     | Killed a two-headed hydra
 10578 | D:12     | Reached skill level 5 in Shields
 10617 | D:11     | Found Kiaph's Food Emporium.
 10639 | D:11     | Reached skill level 5 in Dodging
 11452 | D:11     | Reached ****** piety under Okawaru
 11453 | D:11     | Received a gift from Okawaru
 11456 | D:11     | Got a bloodstained scale mail {god gift}
 11473 | D:11     | Identified the +1 scale mail of the Fiddle {rF- rCorr Str+3} (Okawaru gifted it to you on level 11 of the Dungeon)
 11820 | D:12     | Noticed Kirke
 11824 | D:12     | Noticed Sonja
 11826 | D:12     | Killed Sonja
 11926 | D:12     | Killed Kirke
 12199 | D:12     | Lost mutation: Armour fits poorly on your strangely shaped body. [potion of cure mutation]
 12199 | D:12     | Lost mutation: You are frail. (-10% HP) [potion of cure mutation]
 12273 | D:13     | Gained mutation: You are completely covered in sharp spines. [demonic ancestry]
 12273 | D:13     | Reached XP level 13. HP: 73/107 MP: 20/20
 12337 | D:13     | Noticed Josephine
 12351 | D:13     | Killed Josephine
 12683 | D:11     | Reached skill level 12 in Fighting
 12718 | Lair:1   | Entered Level 1 of the Lair of Beasts
 12851 | Lair:1   | Got an ancient robe
 13169 | Lair:1   | Found a white marble altar of Elyvilon.
 13701 | Lair:2   | Received a gift from Okawaru
 13712 | Lair:2   | Got an encrusted glaive {god gift}
 14533 | Lair:3   | Found a staircase to the Shoals.
 14631 | Lair:3   | Found a hole to the Spider Nest.
 15136 | Lair:4   | Received a gift from Okawaru
 15158 | Lair:4   | Reached XP level 14. HP: 111/116 MP: 18/23
 15163 | Lair:4   | Reached skill level 13 in Fighting
 15209 | Lair:4   | Noticed Urug
 15226 | Lair:4   | Killed Urug
 15236 | Lair:4   | Identified the +9 glaive "Osmexet" {flame, Str+3} (Okawaru gifted it to you on level 2 of the Lair of Beasts)
 15453 | Lair:4   | Noticed Nergalle
 15464 | Lair:4   | Killed Nergalle
 16557 | Lair:6   | Entered Level 6 of the Lair of Beasts
 16663 | Lair:6   | Noticed tstbtto's ghost (journeyman MiFi)
 16684 | Lair:6   | Received a gift from Okawaru
 16710 | Lair:6   | Killed tstbtto's ghost
 16956 | Lair:6   | Found a staircase to the Slime Pits.
 17582 | Lair:6   | Found a burning altar of Makhleb.
 17611 | Lair:6   | Found a gateway to Hell.
 17988 | D:12     | Bought the ring of Birdsong {rPois Str-5 Int+3 SInv Stlth+} for 374 gold pieces
 17988 | D:12     | Bought a +5 ring of evasion for 880 gold pieces
 18354 | D:13     | Received a gift from Okawaru
 18540 | D:14     | Reached skill level 14 in Fighting
 18647 | D:14     | Gained mutation: You have a pair of horns on your head. [demonic ancestry]
 18647 | D:14     | Reached XP level 15. HP: 75/126 MP: 21/24
 19364 | D:15     | Entered Level 15 of the Dungeon
 19611 | D:15     | Received a gift from Okawaru
 19996 | D:15     | Reached skill level 15 in Fighting
 20008 | D:15     | Reached skill level 1 in Evocations
 20128 | D:15     | Found a staircase to the Depths.
 20476 | D:13     | Killed Rupert
 20523 | D:13     | Identified the +0 robe of Hisemut {Str+4} (You found it on level 1 of the Lair of Beasts)
 20595 | Orc:1    | Entered Level 1 of the Orcish Mines
 20832 | Orc:1    | Identified a scroll of acquirement
 20835 | Orc:1    | Got a warped cloak
 20846 | Orc:1    | Identified the +0 cloak of Somewhere Else {Str+4 Stlth+} (You acquired it on level 1 of the Orcish Mines)
 20880 | Orc:1    | Found a roughly hewn altar of Beogh.
 21140 | Orc:2    | Entered Level 2 of the Orcish Mines
 21163 | Orc:2    | Found a staircase to the Elven Halls.
 21219 | Orc:2    | Found a roughly hewn altar of Beogh.
 21537 | Orc:2    | Found Luumun's Magic Scroll Shoppe.
 21537 | Orc:2    | Found Apuen's Book Shop.
 21541 | Orc:2    | Bought a scroll of enchant armour for 112 gold pieces
 21541 | Orc:2    | Bought a scroll of identify for 30 gold pieces
 21541 | Orc:2    | Bought a scroll of fog for 30 gold pieces
 21589 | Orc:2    | Found a roughly hewn altar of Beogh.
 21602 | Orc:2    | Paralysed by an orc sorcerer for 5 turns
 21673 | Orc:2    | Found Fuiket's Jewellery Shoppe.
 21673 | Orc:2    | Found Wogeg's Weapon Shop.
 21690 | Orc:2    | Bought an uncursed ring of protection from cold for 375 gold pieces
 22084 | Spider:1 | Entered Level 1 of the Spider Nest
 22192 | Spider:1 | Received a gift from Okawaru
 22218 | Spider:1 | Reached XP level 16. HP: 46/136 MP: 26/26
 22606 | Spider:1 | Reached skill level 10 in Armour
 23684 | Spider:2 | Received a gift from Okawaru
 24287 | Spider:1 | Reached skill level 1 in Stealth
 24686 | Spider:3 | Noticed Louise
 24703 | Spider:3 | Cast into level 3 of the Abyss (Louise)
 24928 | Abyss:3  | Noticed a tentacled starspawn
 24955 | Abyss:3  | Killed a tentacled starspawn
 24955 | Abyss:3  | Reached skill level 15 in Invocations
 24980 | Abyss:3  | Noticed a Brimstone Fiend
 24985 | Abyss:3  | Noticed an Executioner
 24989 | Abyss:3  | HP: 4/95 [wretched star/orb of energy (20)]
 25053 | Abyss:3  | Reached skill level 5 in Stealth
 25201 | Spider:3 | Escaped the Abyss
 25238 | Spider:3 | Killed Louise
 25531 | Spider:3 | Upgraded the game from 0.19-a0-975-gfff5315 to 0.19-a0-981-gaae9137
 25648 | Spider:3 | Noticed Azrael
 25649 | Spider:3 | Noticed Nikola
 25664 | Spider:3 | Killed Azrael
 25686 | Spider:3 | Killed Nikola
 25686 | Spider:3 | Received a gift from Okawaru
 25686 | Spider:3 | Gained mutation: You are immune to clouds of flame. [demonic ancestry]
 25686 | Spider:3 | Reached XP level 17. HP: 98/127 MP: 20/25
 26417 | Spider:4 | Entered Level 4 of the Spider Nest
 26443 | Spider:4 | Reached skill level 10 in Shields
 26478 | Spider:4 | Noticed Arachne
 26505 | Spider:4 | Killed Arachne
 26730 | Spider:4 | Noticed Shenda's ghost (adept MiFi)
 26772 | Spider:4 | Killed Shenda's ghost
 27448 | Spider:4 | Got a gossamer rune of Zot
 27703 | Lair:1   | Learned a level 1 spell: Apportation
 27836 | Vaults:1 | Entered Level 1 of the Vaults
 27888 | Vaults:1 | Received a gift from Okawaru
 28496 | Vaults:1 | Noticed Jorgrun
 28503 | Vaults:1 | Killed Jorgrun
 29212 | Vaults:1 | Gained mutation: You are completely covered in large bone plates. (AC +4, SH +4) [demonic ancestry]
 29212 | Vaults:1 | Reached XP level 18. HP: 150/150 MP: 29/29
 29821 | Vaults:1 | Received a gift from Okawaru
 29994 | Vaults:2 | Reached skill level 16 in Fighting
 30061 | Vaults:2 | Noticed Asterion
 30108 | Vaults:2 | Killed Asterion
 30416 | Vaults:2 | Received a gift from Okawaru
 30593 | Vaults:2 | Found a portal to a secret trove of treasure.
 30646 | Vaults:2 | Noticed Frederick
 30671 | Vaults:2 | Killed Frederick
 30824 | Vaults:2 | Found Kuufonoj's Antique Armour Emporium.
 30832 | Vaults:2 | Bought a warped leather armour for 168 gold pieces
 30911 | Vaults:1 | Identified the cursed +0 leather armour of Nircha Ib Goi {-Cast rElec rPois Dex+2} (You bought it in a shop on level 2 of the Vaults)
 31268 | Vaults:2 | Paralysed by a sphinx for 4 turns
 31517 | Vaults:2 | Reached skill level 15 in Long Blades
 31664 | Vaults:2 | Found a staircase to the Crypt.
 31756 | Vaults:2 | Noticed Boris
 31762 | Vaults:2 | Received a gift from Okawaru
 31792 | Vaults:2 | Killed Boris
 31900 | Vaults:2 | Reached skill level 10 in Stealth
 32450 | Vaults:3 | Found Towk's Assorted Antiques.
 32458 | Vaults:3 | Bought a scroll of enchant armour for 322 gold pieces
 32556 | Vaults:3 | Received a gift from Okawaru
 32573 | Vaults:3 | Gained mutation: You have a pair of large horns on your head. [demonic ancestry]
 32573 | Vaults:3 | Reached XP level 19. HP: 159/159 MP: 30/30
 32578 | Vaults:3 | Got an iridescent scimitar {god gift}
 32579 | Vaults:3 | Identified the +9 scimitar "Wonibae" {drain, rN+ Stlth+} (Okawaru gifted it to you on level 3 of the Vaults)
 32808 | Vaults:3 | Reached skill level 17 in Fighting
 32945 | Vaults:3 | Found Duonefuf's Food Emporium.
 33320 | Vaults:3 | Noticed Bai Suzhen
 33343 | Vaults:3 | Killed Bai Suzhen
 33723 | Vaults:4 | Received a gift from Okawaru
 34670 | Vaults:4 | Gained mutation: You are dopey. (Int -2) [potion of mutation]
 34670 | Vaults:4 | Gained mutation: Your body sometimes deteriorates upon taking damage. [potion of mutation]
 34670 | Vaults:4 | Gained mutation: You possess an exceptional clarity of mind. [potion of mutation]
 34671 | Vaults:4 | Lost mutation: You possess an exceptional clarity of mind. [potion of cure mutation]
 34671 | Vaults:4 | Lost mutation: You are dopey. (Int -2) [potion of cure mutation]
 34671 | Vaults:4 | Lost mutation: Your body sometimes deteriorates upon taking damage. [potion of cure mutation]
 34906 | Vaults:4 | Reached skill level 18 in Fighting
 35063 | Vaults:4 | Received a gift from Okawaru
 35598 | Vaults:5 | Entered Level 5 of the Vaults
 35610 | Vaults:5 | Gained mutation: You are robust. (+10% HP) [demonic ancestry]
 35610 | Vaults:5 | Reached XP level 20. HP: 135/189 MP: 24/31
 35643 | Vaults:5 | Received a gift from Okawaru
 35651 | Vaults:5 | Reached skill level 19 in Fighting
 35651 | Vaults:5 | HP: 9/191 [tengu reaver/great sword of slicing (6)]
 35661 | Vaults:5 | Noticed an ancient lich
 35665 | Vaults:5 | Gained mutation: Your body sometimes deteriorates upon taking damage. [mutagenic glow]
 35719 | Vaults:5 | Gained mutation: Scrolls take you a little longer to read. [mutagenic glow]
 35794 | Vaults:5 | Noticed a golden dragon
 36000 | Vaults:5 | Noticed Xtahua
 36040 | Vaults:5 | Killed a golden dragon
 36041 | Vaults:5 | Noticed a golden dragon
 36043 | Vaults:5 | a golden dragon changed into a shadow dragon
 36052 | Vaults:4 | Received a gift from Okawaru
 36190 | Vaults:5 | Lost mutation: Your body sometimes deteriorates upon taking damage. [potion of cure mutation]
 36190 | Vaults:5 | Lost mutation: Scrolls take you a little longer to read. [potion of cure mutation]
 36378 | Vaults:4 | Reached skill level 20 in Fighting
 36453 | Vaults:5 | Gained mutation: Your demonic aura causes spilled blood to erupt in flames. [demonic ancestry]
 36453 | Vaults:5 | Reached XP level 21. HP: 154/201 MP: 26/32
 36475 | Vaults:4 | Killed an ancient lich
 37126 | Depths:1 | Entered Level 1 of the Depths
 37304 | Depths:1 | Received a gift from Okawaru
 37466 | Depths:1 | Found a one-way gate to the infinite horrors of the Abyss.
 37533 | Depths:1 | Reached skill level 10 in Dodging
 37701 | Depths:1 | Found Nueschul's Gadget Shop.
 37701 | Depths:1 | Found Raydin's Jewellery Emporium.
 37702 | Depths:1 | Found Qoipp's Jewellery Emporium.
 37709 | Depths:1 | Bought the ring "Biqauk" {rCorr rC+++ Int+2 Stlth+} for 897 gold pieces
 37724 | Depths:1 | Bought a wand of teleportation (3/9) for 357 gold pieces
 37799 | Depths:1 | Found Sulukk's Assorted Antiques.
 37858 | Depths:1 | Found a shattered altar of Ashenzari.
 37974 | Depths:1 | Found Sato's Magic Scroll Boutique.
 38029 | Depths:1 | Bought a scroll of recharging for 180 gold pieces
 38187 | Depths:2 | Found Vickik Isut's Armour Shop.
 38203 | Depths:2 | Paralysed by a great orb of eyes for 5 turns
 38206 | Depths:2 | HP: 10/202 [deep troll earth mage (2)]
 38206 | Depths:2 | Received a gift from Okawaru
 38206 | Depths:2 | Mangled by a deep troll (illusionary)

Vault maps used:
D:1:      ncdulo_smallfort
D:2:      wad_crossroads, hangedman_abyss_or_decor_stabs, minmay_newt_pond
D:3:      grunt_temple_overflow_growth_and_decay,
          nicolae_overflow_hidden_temple, lemuel_crystal_altar,
          nicolae_overflow_crystal_walls, lemuel_crystal_altar
D:4:      lemuel_upstairs_altar, grunt_qazlal_sundering, minivault_4
D:5:      lemuel_round_altar, first_bread, grunt_ministairs_1,
          okawaru_altar_gauntlet_db, uniq_blork_the_orc, uniq_menkaure
D:8:      nicolae_underground_beach
D:9:      basic_altar, uniq_maurice, uniq_psyche
D:10:     lair_0_dummy, serial_shops, shop_fountains, uniq_erica
D:11:     minmay_opposing_rooms, serial_shops, nicolae_shop_trees
D:12:     zombieorc2_lemuel, serial_shops, shop,
          hangedman_decor_clover_reticule, uniq_snorg, uniq_sonja, uniq_kirke
D:13:     david_vaults_3, grunt_pizzeria, uniq_josephine
D:14:     kennysheep_pointless_box, basic_altar, minmay_crystal_water,
          billiards_dpeg
D:15:     grunt_enter_depths_hoard, minmay_misc_feat_roman
Lair:1:   basic_altar
Lair:2:   beast_lair_carwin_3
Lair:3:   minmay_shoals_entry_lonely_mermaid, spider_nest_entry_a,
          grunt_megastairs_1
Lair:4:   grunt_megastairs_2, uniq_nergalle, uniq_urug
Lair:5:   cheibrodos_lair_caveside_slide
Lair:6:   evil_forest, slime_dummy
Spider:1: lemuel_spider_zombies
Spider:3: portal_ice_cave_entry_ice_statue_one, uniq_louise, uniq_azrael,
          uniq_nikola
Spider:4: grunt_spider_rune_parallel, uniq_arachne
Orc:1:    mines2_david
Orc:2:    st_orc_town, mines1_david
Vaults:1: nicolae_vaults_little_ls, nicolae_vaults_twisting_passages,
          grunt_vaults_diagonal, vaults_dpeg_diagonal, vaults_room_grid,
          hangedman_vaults_restitches, st_cross, nicolae_vaults_alarming,
          v_misc_28, v_rooms_3, hangedman_vaults_restitches, uniq_jorgrun
Vaults:2: v_misc_9, vaults_room_hallway, vaults_mumra_chevron_long,
          minmay_crypt_entry_simple_statues, vaults_room_stairs_pillars,
          nicolae_vaults_what_the_h, vaults_room_glass_cross,
          ontoclasm_vaults_decontamination, v_pattern_3, serial_shops, shop,
          trove_entry_hex_spiral, uniq_boris, uniq_frederick, uniq_asterion
Vaults:3: vaults_standard_mumra_x, ontoclasm_vaults_ligature,
          nicolae_vaults_big_ls, v_misc_3, nicolae_vaults_shelves_hall,
          ontoclasm_vaults_loading_screen, serial_shops, shop, shop,
          uniq_bai_suzhen
Vaults:4: vaults_mumra_chevron, nicolae_vaults_rhombus_6, ontoclasm_vaults_chip,
          nicolae_vaults_angled_halls, v_pattern_4,
          nicolae_vaults_network_periphery, vaults_room_semicircle, v_misc_1,
          vaults_mumra_lcd, v_alt_pattern_2, hangedman_vaults_pinch,
          ontoclasm_vaults_misaligned, vaults_dpeg_ring
Vaults:5: uniq_xtahua
Depths:1: hangedman_abyss_entry_splay, grunt_hell_horde, hex_intersection,
          serial_shops, shop, nicolae_shop_stone, st_stairs_6,
          ashenzari_altar_1, minmay_shop_grove
Depths:2: minmay_isolated_rectangles_in_corner, serial_shops,
          nicolae_shop_stone, hell_entry, rand_demon_pan_entry_3,
          corexii_corridor_pit, abyss_entry, infiniplex_staircase_hallway_doors
Abyss:2:  hangedman_abyss_overflow_altar, minivault_1

Skill      XL: |  1  2  3  4  5  6  7  8  9 10 11 12 13 14 15 16 17 18 19 20 21 |
---------------+----------------------------------------------------------------+-----
Long Blades    | 2 3 4 5 6 8 10 11 13 14 15 17 18 | 18.8
Dodging        | 1 4 6 7 9 10 | 10.9
Fighting       | 4 5 6 7 10 11 12 14 15 16 18 20 | 20.4
Invocations    | 9 10 12 14 15 | 15.5
Armour         | 4 7 9 12 | 12.0
Shields        | 4 6 8 9 14 | 14.6
Evocations     | 3 |  3.6
Stealth        | 5 7 10 | 10.1

Action                   |  1- 3 |  4- 6 |  7- 9 | 10-12 | 13-15 | 16-18 | 19-21 || total
-------------------------+-------+-------+-------+-------+-------+-------+-------++-------
Melee: Long sword        |    99 |   204 |   179 |   225 |       |       |       ||   707
       Headbutt          |       |       |    33 |   168 |   481 |   701 |   325 ||  1708
       Scimitar          |       |       |       |   404 |   766 |       |  1062 ||  2232
       Demon blade       |       |       |       |       |   824 |  2394 |       ||  3218
Invok: Heroism           |       |       |       |    11 |    14 |    18 |    12 ||    55
       Finesse           |       |       |       |     2 |     6 |    12 |     6 ||    26
Evoke: Wand              |       |       |       |     9 |     7 |    19 |    21 ||    56
  Use: Scroll            |     4 |     2 |     7 |    16 |    26 |    18 |    19 ||    92
       Potion            |       |       |     8 |     3 |     4 |     4 |     9 ||    28
 Stab: Sleeping          |       |       |     1 |       |     8 |    26 |    27 ||    62
       Petrified         |       |       |       |       |     1 |       |       ||     1
       Distracted        |       |       |       |       |     3 |     5 |     2 ||    10
       Invisible         |       |       |       |       |       |       |     6 ||     6
  Eat: Chunk             |       |     8 |     5 |     2 |    16 |     5 |     1 ||    37
       Fruit             |       |       |     4 |     2 |     5 |     9 |     4 ||    24
       Pizza             |       |       |       |     4 |     6 |     8 |     2 ||    20
       Beef jerky        |       |       |       |     2 |     1 |     1 |     3 ||     7
       Royal jelly       |       |       |       |     3 |     2 |     3 |       ||     8
       Bread ration      |       |       |       |     1 |       |     1 |     1 ||     3
       Meat ration       |       |       |       |       |       |       |     1 ||     1
Armor: Scale mail        |    37 |     6 |       |       |       |       |       ||    43
       Chain mail        |       |    57 |       |       |       |       |       ||    57
       Leather armour    |       |     8 |    65 |   107 |   170 |       |       ||   350
       Fire dragon armou |       |       |       |       |       |   272 |   142 ||   414
       Shadow dragon arm |       |       |       |       |       |   192 |   122 ||   314
Dodge: Dodged            |    28 |    32 |    61 |   164 |   500 |   796 |   330 ||  1911
Block: Shield            |    50 |    97 |   114 |   316 |   765 |   485 |       ||  1827
       Other             |       |       |       |       |     3 |       |       ||     3
       Large shield      |       |       |       |       |       |  1459 |   993 ||  2452
